 Dungeon Crawl Stone Soup version 0.23.1 (webtiles) character file.

Game seed: 12766264170269492860

3523 misha the Spear-Bearer (level 10, -5/87 HPs)
             Began as a Merfolk Berserker on Mar 2, 2019.
             Was a Priest of Trog.
             Killed from afar by an electric eel (8 damage)
             ... with a bolt of electricity
             ... on level 8 of the Dungeon.
             The game lasted 00:37:57 (9792 turns).

misha the Spear-Bearer (Merfolk Berserker)          Turns: 9792, Time: 00:37:58

Health: -5/87      AC: 13    Str: 21    XL:     10   Next: 8%
Magic:  10/10      EV: 11    Int:  7    God:    Trog [***...]
Gold:   331        SH:  4    Dex: 13    Spells: 9/9 levels left

rFire    . . .     SeeInvis +   a - +5 trident (flame)
rCold    . . .     Gourm    .   Q - +0 buckler
rNeg     + . .     Faith    .   s - +4 ring mail {rN+}
rPois    +         Spirit   .   B - +0 helmet
rElec    .         Reflect  .   M - +2 cloak {MR+}
rCorr    .         Harm     .   (no gloves)
MR       +....                  (no boots)
Stlth    +.........             (no amulet)
HPRegen  0.24/turn              G - ring of see invisible
MPRegen  0.12/turn              H - ring of poison resistance

@: no status effects
A: change form in water, swift swim, stealthy swim
a: Berserk, Trog's Hand, Renounce Religion


You were on level 8 of the Dungeon.
You worshipped Trog.
Trog was most pleased with you.
You were not hungry.

You visited 2 branches of the dungeon, and saw 9 of its levels.

You collected 415 gold pieces.
You spent 84 gold pieces at shops.

Inventory:

Hand Weapons
 a - a +5 trident of flaming (weapon)
 b - a +3 quarterstaff of chaos
 r - a +0 trident
Missiles
 d - 241 stones (quivered)
 k - 8 javelins
 w - 19 poisoned needles
 y - 39 sling bullets
 z - a throwing net
 J - 6 tomahawks
Armour
 s - a +4 ring mail of positive energy (worn)
 B - a +0 helmet (worn)
 D - a scarf of spirit shield
 F - the +1 robe "Ykubrel" {rPois rN+ MR- rCorr}
   (You found it on level 4 of the Dungeon)

   It protects you from poison.
   It protects you from negative energy.
   It affects your resistance to hostile enchantments.
   It provides partial protection from all sources of acid and corrosion.
 M - a +2 cloak of magic resistance (worn)
 Q - a +0 buckler (worn)
Jewellery
 G - a ring of see invisible (left hand)
 H - a ring of poison resistance (right hand)
 K - an uncursed ring of fire
Wands
 l - a wand of disintegration (12)
 O - a wand of scattershot (6)
Scrolls
 g - a scroll of magic mapping
 m - 5 scrolls of amnesia {unknown}
 q - 5 scrolls of teleportation {unknown}
 t - 6 scrolls of remove curse
 I - a scroll of blinking {unknown}
 L - a scroll of fear {unknown}
 N - a scroll of enchant armour {unknown}
 P - 2 scrolls of immolation {unknown}
 R - a scroll of fog {unknown}
Potions
 f - 3 potions of agility
 h - 2 potions of invisibility
 i - a potion of brilliance
 j - a potion of berserk rage {unknown}
 n - 2 potions of cancellation {unknown}
 o - 3 potions of heal wounds
 p - 2 potions of ambrosia {unknown}
 u - 2 potions of flight {unknown}
 v - 3 potions of curing {unknown}
 x - 2 potions of haste {unknown}
 A - a potion of might {unknown}
 C - a potion of magic
 E - a potion of degeneration {unknown}
Comestibles
 c - 15 rations


   Skills:
 + Level 11.1 Fighting
 - Level 14.0 Polearms
 - Level 1.4 Armour
 - Level 2.8 Dodging
 + Level 1.3 Shields


You had 9 spell levels left.
You didn't know any spells.
Your spell library was empty.

Dungeon Overview and Level Annotations

Branches:
Dungeon (8/15)             Temple (1/1) D:4            Lair (0/6) D:8

Altars:
Ashenzari
Cheibriados
Dithmenos
Elyvilon
Fedhas
Gozag
Hepliaklqana
Kikubaaqudgha
Makhleb
Nemelex Xobeh
Okawaru
Qazlal
Ru
Sif Muna
Trog
Uskayaw
Vehumet
Wu Jian
Xom
Yredelemnul
Zin
The Shining One

Shops:
D:6 *


Message History

Anything else - Cancel.
Gang up on whom?
Press: ? - help, Dir - move target cursor, f - electric eel
Aim: an electric eel (water) Attack!
The electric eel shoots out a bolt of lightning at you!
The bolt of electricity hits your ogre! The bolt of electricity hits you!
* * * LOW HITPOINT WARNING * * *
The bolt of electricity hits you!
* * * LOW HITPOINT WARNING * * *
An electric eel is nearby!
As you read the scroll labeled YRRANI WIZXOAD, it crumbles to dust.
You feel aware of your surroundings.
It was a scroll of magic mapping.
Your ogre rages.
You hear an angry growl.
The electric eel shoots out a bolt of lightning at you!
The bolt of electricity hits your ogre!
The bolt of electricity hits your black bear.
The bolt of electricity hits you!
You die...

*,,≈≈≈≈≈.≈≈≈..;.# #
#..≈≈≈≈≈.≈≈≈≈...# #
#...≈≈.≈.≈≈≈≈≈(.# #
#...;≈/≈.≈≈≈≈...######
#...O≈...;≈..≈........
#................#####
*,..............##
***#h##.....###.#
#.@......###.#
####.........#
#.....##### #######
###### #..... #.####
#.# #.# #.#


You could see an electric eel, a friendly black bear (berserk) and a friendly
ogre (berserk).

Vanquished Creatures
  A two-headed ogre (D:8)
  A troll (D:8)
  A hippogriff (D:8)
  A water moccasin (D:7)
  An orc warrior (D:7)
  A sky beast (D:6)
  3 ice beasts
  A black bear (D:6)
  2 centaurs
  4 ogres
  A wolf (D:8)
  A scorpion (D:7)
  4 killer bees (D:8)
  2 crimson imps
  A quasit (D:8)
  5 hounds
  2 orc wizards
  A bullfrog skeleton (D:7)
  A centaur skeleton (D:5)
  Crazy Yiuf (D:7)
  Terence (D:2)
  3 worker ants
  5 iguanas
  3 hound skeletons
  Robin (D:3)
  11 adders
  A shadow imp (D:6)
  An ooze (D:1)
  An adder zombie (D:5)
  2 adder skeletons
  3 worms
  5 dart slugs
  7 leopard geckos
  15 orcs
  5 giant cockroaches
  17 goblins
  11 hobgoblins
  13 jackals
  9 kobolds
  4 quokkas
  7 bats
  4 frilled lizards
  A leopard gecko zombie (D:5)
  10 rats
175 creatures vanquished.

Vanquished Creatures (collateral kills)
  An ogre (D:7)
  A bullfrog (D:8)
  A crimson imp (D:7)
  An orc (D:7)
4 creatures vanquished.

Vanquished Creatures (others)
  An adder (D:8)
1 creature vanquished.

Grand Total: 180 creatures vanquished

Notes
Turn   | Place    | Note
-------+----------+-------------------------------------------
     0 | D:1      | misha the Merfolk Berserker began the quest for the Orb.
     0 | D:1      | Reached XP level 1. HP: 18/18 MP: 1/1
   227 | D:1      | Reached XP level 2. HP: 24/24 MP: 2/2
   306 | D:1      | Reached skill level 5 in Polearms
   537 | D:1      | Reached XP level 3. HP: 29/30 MP: 3/3
   689 | D:1      | Reached ** piety under Trog
  1381 | D:2      | Found a faded altar of an unknown god.
  1538 | D:2      | Reached XP level 4. HP: 32/38 MP: 4/4
  1703 | D:2      | Reached skill level 6 in Polearms
  1777 | D:2      | Noticed Terence
  1792 | D:2      | Killed Terence
  1936 | D:2      | Reached XP level 5. HP: 36/43 MP: 5/5
  2227 | D:3      | Reached skill level 5 in Fighting
  2254 | D:3      | Reached *** piety under Trog
  2353 | D:3      | Noticed Robin
  2365 | D:3      | Killed Robin
  2613 | D:3      | Reached skill level 7 in Polearms
  3279 | D:4      | Reached XP level 6. HP: 51/51 MP: 6/6
  3720 | D:4      | Reached skill level 8 in Polearms
  3903 | D:4      | Found a staircase to the Ecumenical Temple.
  4412 | D:4      | Got a fine robe
  4413 | D:4      | Identified the +1 robe "Ykubrel" {rPois rN+ MR- rCorr} (You
                  | found it on level 4 of the Dungeon)
  4439 | Temple   | Entered the Ecumenical Temple
  4742 | D:5      | Entered Level 5 of the Dungeon
  4745 | D:5      | Found a sparkling altar of Nemelex Xobeh.
  4842 | D:5      | Reached XP level 7. HP: 58/58 MP: 7/7
  5124 | D:5      | Reached skill level 9 in Polearms
  5460 | D:6      | Reached **** piety under Trog
  5753 | D:6      | Reached XP level 8. HP: 62/67 MP: 6/8
  5814 | D:6      | Reached skill level 10 in Polearms
  6260 | D:6      | Found Nigudell's General Store.
  6264 | D:6      | Bought a scroll of remove curse for 36 gold pieces
  6264 | D:6      | Bought a potion of agility for 48 gold pieces
  6998 | D:7      | Reached skill level 11 in Polearms
  7415 | D:7      | Found a runed translucent door.
  7416 | D:7      | Noticed Crazy Yiuf
  7489 | D:7      | Reached XP level 9. HP: 59/76 MP: 4/9
  7495 | D:7      | Reached skill level 12 in Polearms
  7904 | D:7      | Found a burning altar of Makhleb.
  8047 | D:7      | Killed Crazy Yiuf
  8279 | D:8      | Noticed a troll
  8304 | D:8      | Killed a troll
  8311 | D:8      | Reached skill level 10 in Fighting
  8723 | D:8      | Noticed a two-headed ogre
  8778 | D:8      | Killed a two-headed ogre
  8778 | D:8      | Reached skill level 13 in Polearms
  9036 | D:8      | Reached XP level 10. HP: 76/87 MP: 10/10
  9110 | D:8      | Found a hide-covered altar of Uskayaw.
  9112 | D:8      | Noticed a +0 hand axe
  9112 | D:8      | Noticed a +0 hand axe
  9330 | D:8      | Reached skill level 14 in Polearms
  9330 | D:8      | Reached skill level 1 in Shields
  9791 | D:8      | HP: 3/87 [electric eel/bolt of electricity (10)]
  9792 | D:8      | Killed from afar by an electric eel

Skill      XL: |  1  2  3  4  5  6  7  8  9 10 |
---------------+-------------------------------+-----
Polearms       | 5 6 7 8 9 11 13 14 | 14.0
Fighting       | 4 5 6 7 9 11 | 11.1
Shields        | 1 |  1.3
Armour         | |  1.4
Dodging        | |  2.8

Action                   |  1- 3 |  4- 6 |  7- 9 | 10-12 || total
-------------------------+-------+-------+-------+-------++-------
Melee: Spear             |   158 |   107 |       |       ||   265
       Trident           |       |   175 |   274 |     9 ||   458
       Quarterstaff      |       |       |    14 |       ||    14
Throw: Stone             |       |       |     5 |       ||     5
Invok: Berserk           |     1 |     2 |    10 |       ||    13
       Brothers in Arms  |       |       |     1 |     3 ||     4
  Use: Scroll            |       |     2 |     3 |     2 ||     7
 Stab: Sleeping          |     1 |       |       |       ||     1
  Eat: Chunk             |     2 |     6 |     8 |       ||    16
       Ration            |       |     2 |     5 |     1 ||     8
Armor: Animal skin       |    34 |       |       |       ||    34
       Ring mail         |     3 |    66 |    87 |     4 ||   160
Dodge: Dodged            |   118 |   119 |   147 |    11 ||   395
Block: Buckler           |       |       |       |     1 ||     1
